General information
- name: BNet
- type: Ladder team game (AT/RT)
- host: Battle.net
- saver: WeAllWearMasks
map: TwilightRuins
- players: 8
- length: 33:29
- speed: Fast
- version: 1.26 W3XP
- replay type: Public
» download(189 KB)
Players
team 1 (winner)

»
Session (
green | 52 APM | 927 actions | 17:55)
4 Demon Hunter
2 Immolation
2 Evasion
2 Keeper of the Grove
1 Entangling Roots
1 Thorns Aura
» actions
| Assign group hotkey | 13 | |
| Basic commands | 2 | |
| Build / train | 73 | |
| Enter build submenu | 17 | |
| Enter hero's abilities submenu | 6 | |
| Give item / drop item | 5 | |
| Remove unit from queue | 4 | |
| Right click | 344 | |
| Select / deselect | 221 | |
| Select group hotkey | 186 | |
| Use ability | 56 | |
927 total
» units
| Wisp | 20 | |
| Archer | 2 | |
| Huntress | 5 | |
| Dryad | 5 | |
| Druid of the Claw | 1 | |
| Druid of the Talon | 6 | |
39 total
» upgrades
| Strength of the Moon | 1 | |
| Strength of the Wild | 2 | |
| Reinforced Hides | 2 | |
| Druid of the Claw Training | 2 | |
| Abolish Magic | 1 | |
| Druid of the Talon Training | 2 | |
| Mark of the Claw | 1 | |
11 total
» buildings
| Altar of Elders | 1 | |
| Moon Well | 6 | |
| Ancient of War | 1 | |
| Hunter's Hall | 1 | |
| Tree of Ages | 1 | |
| Tree of Life | 1 | |
| Ancient of Wonders | 1 | |
| Ancient of Lore | 3 | |
| Ancient of Wind | 1 | |
| Tree of Eternity | 1 | |
| Ancient Protector | 2 | |
19 total
» build order
00:20 Altar of Elders
00:31 Moon Well
00:53 Ancient of War
01:19 Moon Well
02:12 Hunter's Hall
03:12 Moon Well
04:05 Moon Well
05:35 Tree of Ages
05:52 Tree of Life
07:15 Ancient of Wonders
08:57 Ancient of Lore
09:01 Ancient of Lore
09:04 Ancient of Lore
09:11 Ancient of Wind
09:25 Moon Well
10:37 Tree of Eternity
10:43 Ancient Protector
10:51 Ancient Protector
14:49 Moon Well
» items
| Circlet of Nobility | 2 | |
| Potion of Healing | 2 | |
| Periapt of Vitality | 1 | |
| Scroll of Protection | 1 | |
| Scroll of Healing | 1 | |
| Scroll of Town Portal | 1 | |
| Orb of Venom | 1 | |
9 total
letters (
purple | 0 APM | 0 actions | 16:36)
sigh (
pink | 98 APM | 3289 actions | 33:29)
10 Archmage
3 Summon Water Elemental
3 Brilliance Aura
1 Mass Teleport
3 Blizzard
» actions
| Assign group hotkey | 115 | |
| Basic commands | 76 | |
| Build / train | 187 | |
| ESC pressed | 4 | |
| Enter build submenu | 71 | |
| Enter hero's abilities submenu | 10 | |
| Give item / drop item | 5 | |
| Remove unit from queue | 1 | |
| Right click | 1199 | |
| Select / deselect | 386 | |
| Select group hotkey | 855 | |
| Use ability | 380 | |
3289 total
» units
| Peasant | 24 | |
| Footman | 12 | |
| Goblin Shredder | 1 | |
| Dragonhawk Rider | 10 | |
| Gryphon Rider | 3 | |
| Goblin Sapper | 2 | |
52 total
» upgrades
| Masonry | 3 | |
| Swords | 3 | |
| Armor | 3 | |
| Animal War Training | 1 | |
| Lumber Harvesting | 2 | |
| Cloud | 1 | |
| Storm Hammers | 1 | |
14 total
» buildings
| Altar of Kings | 1 | |
| Barracks | 1 | |
| Farm | 8 | |
| Arcane Vault | 1 | |
| Lumber Mill | 1 | |
| Town Hall | 4 | |
| Keep | 3 | |
| Scout Tower | 39 | |
| Guard Tower | 55 | |
| Blacksmith | 2 | |
| Castle | 2 | |
| Gryphon Aviary | 4 | |
| Moon Well | 12 | |
133 total
» build order
00:38 Altar of Kings
00:41 Barracks
00:52 Farm
01:05 Farm
01:45 Farm
02:08 Arcane Vault
02:12 Farm
02:33 Farm
03:00 Farm
03:21 Lumber Mill
04:53 Town Hall
06:05 Keep
06:05 Keep
06:11 Scout Tower
06:12 Scout Tower
06:43 Guard Tower
06:43 Guard Tower
06:43 Guard Tower
06:44 Guard Tower
06:45 Scout Tower
06:48 Scout Tower
06:49 Scout Tower
06:51 Scout Tower
06:56 Scout Tower
06:59 Scout Tower
07:17 Guard Tower
07:17 Guard Tower
07:18 Guard Tower
07:18 Guard Tower
07:18 Guard Tower
07:18 Guard Tower
07:19 Guard Tower
07:40 Guard Tower
07:41 Guard Tower
07:50 Blacksmith
07:53 Blacksmith
08:10 Scout Tower
08:11 Scout Tower
08:16 Scout Tower
08:34 Scout Tower
08:35 Scout Tower
08:36 Scout Tower
08:37 Scout Tower
08:37 Scout Tower
09:00 Guard Tower
09:01 Guard Tower
09:04 Castle
09:04 Castle
09:28 Guard Tower
09:28 Guard Tower
09:38 Guard Tower
09:38 Guard Tower
09:42 Guard Tower
09:43 Guard Tower
09:44 Guard Tower
09:44 Guard Tower
09:50 Gryphon Aviary
09:52 Gryphon Aviary
10:39 Scout Tower
10:39 Scout Tower
10:40 Scout Tower
10:43 Scout Tower
10:47 Scout Tower
10:48 Scout Tower
10:49 Scout Tower
10:50 Scout Tower
11:13 Guard Tower
11:13 Guard Tower
11:15 Guard Tower
11:15 Guard Tower
11:18 Town Hall
11:38 Guard Tower
11:38 Guard Tower
11:38 Guard Tower
11:41 Guard Tower
11:41 Guard Tower
13:18 Gryphon Aviary
13:19 Gryphon Aviary
16:31 Scout Tower
16:32 Scout Tower
16:33 Scout Tower
16:34 Scout Tower
16:36 Scout Tower
16:37 Scout Tower
16:38 Scout Tower
16:39 Scout Tower
16:39 Scout Tower
16:40 Scout Tower
17:52 Guard Tower
17:53 Guard Tower
17:53 Guard Tower
17:55 Guard Tower
17:55 Guard Tower
18:22 Guard Tower
18:22 Guard Tower
21:41 Town Hall
21:44 Scout Tower
21:44 Scout Tower
21:45 Scout Tower
21:46 Scout Tower
21:48 Scout Tower
22:06 Farm
22:08 Farm
25:38 Guard Tower
26:59 Town Hall
27:08 Moon Well
27:08 Moon Well
27:09 Moon Well
28:04 Moon Well
28:05 Moon Well
28:05 Moon Well
29:27 Moon Well
29:28 Moon Well
29:31 Moon Well
30:45 Moon Well
30:47 Moon Well
30:50 Moon Well
» items
| Scroll of Regeneration | 7 | |
| Mechanical Critter | 9 | |
| Potion of Lesser Invulnerability | 1 | |
| Scroll of Protection | 3 | |
| Scroll of Healing | 2 | |
| Scroll of Town Portal | 3 | |
| Staff of Sanctuary | 1 | |
26 total
the_quartermile (
orange | 79 APM | 1424 actions | 17:59)
3 Archmage
1 Summon Water Elemental
1 Brilliance Aura
1 Blizzard
1 Paladin
1 Holy Light
» actions
| Assign group hotkey | 17 | |
| Basic commands | 158 | |
| Build / train | 40 | |
| Enter build submenu | 17 | |
| Enter hero's abilities submenu | 4 | |
| Remove unit from queue | 2 | |
| Right click | 562 | |
| Select / deselect | 265 | |
| Select group hotkey | 326 | |
| Use ability | 33 | |
1424 total
» units
| Peasant | 6 | |
| Rifleman | 11 | |
| Footman | -1 | |
| Mortar Team | 5 | |
21 total
» upgrades
| Gunpowder | 2 | |
| Long Rifles | 1 | |
| Armor | 1 | |
4 total
» buildings
| Altar of Kings | 1 | |
| Blacksmith | 1 | |
| Barracks | 3 | |
| Farm | 8 | |
| Arcane Vault | 1 | |
| Scout Tower | 1 | |
| Keep | 1 | |
| Arcane Tower | 1 | |
| Workshop | 1 | |
| Castle | 1 | |
19 total
» build order
00:32 Altar of Kings
00:37 Blacksmith
01:14 Barracks
01:51 Farm
02:46 Farm
03:34 Barracks
03:38 Barracks
04:04 Arcane Vault
04:42 Scout Tower
05:52 Farm
06:13 Farm
06:21 Keep
06:39 Farm
08:50 Arcane Tower
09:05 Farm
09:51 Workshop
10:42 Farm
14:35 Farm
14:42 Castle
» items
| Scroll of Regeneration | 2 | |
| Lesser Clarity Potion | 2 | |
4 total
team 2 (loser)
whocaresanyway (
blue | 68 APM | 2228 actions | 32:58)
7 Death Knight
3 Death Coil
3 Unholy Aura
1 Animate Dead
6 Lich
3 Frost Nova
2 Frost Armor
1 Death and Decay
» actions
| Assign group hotkey | 30 | |
| Basic commands | 176 | |
| Build / train | 94 | |
| ESC pressed | 8 | |
| Enter build submenu | 31 | |
| Enter hero's abilities submenu | 14 | |
| Give item / drop item | 3 | |
| Right click | 827 | |
| Select / deselect | 263 | |
| Select group hotkey | 704 | |
| Use ability | 78 | |
2228 total
» units
| Acolyte | 8 | |
| Ghoul | 5 | |
| Crypt Fiend | 12 | |
| Frost Wyrm | 7 | |
| Flying Machine | 13 | |
45 total
» upgrades
| Creature Attack | 3 | |
| Web | 1 | |
| Creature Carapace | 3 | |
| Freezing Breath | 1 | |
8 total
» buildings
| Crypt | 2 | |
| Graveyard | 1 | |
| Ziggurat | 13 | |
| Altar of Darkness | 1 | |
| Tomb of Relics | 1 | |
| Necropolis | 1 | |
| Halls of the Dead | 4 | |
| Spirit Tower | 8 | |
| Black Citadel | 1 | |
| Sacrificial Pit | 1 | |
| Boneyard | 2 | |
35 total
» build order
00:13 Crypt
00:22 Graveyard
00:43 Ziggurat
01:04 Altar of Darkness
01:35 Ziggurat
02:06 Tomb of Relics
04:30 Ziggurat
04:59 Necropolis
05:27 Halls of the Dead
05:27 Halls of the Dead
06:14 Ziggurat
08:02 Spirit Tower
08:22 Ziggurat
08:23 Ziggurat
09:20 Black Citadel
10:31 Sacrificial Pit
10:45 Spirit Tower
10:46 Spirit Tower
11:22 Crypt
11:48 Boneyard
12:13 Boneyard
13:14 Ziggurat
13:16 Ziggurat
13:45 Halls of the Dead
14:05 Ziggurat
14:11 Ziggurat
17:06 Ziggurat
17:07 Ziggurat
17:08 Ziggurat
24:06 Spirit Tower
24:08 Spirit Tower
24:09 Spirit Tower
24:09 Spirit Tower
» items
| Rod of Necromancy | 1 | |
| Scroll of Town Portal | 6 | |
| Potion of Lesser Invulnerability | 1 | |
| Potion of Healing | 1 | |
| Potion of Mana | 2 | |
| Orb of Corruption | 1 | |
12 total

»
BlueManGroup (
teal | 66 APM | 2184 actions | 32:55)
6 Goblin Tinker
1 Pocket Factory
3 Engineering Upgrade
1 Cluster Rockets
1 Robo-Goblin
5 Dark Ranger
3 Black Arrow
1 Silence
1 Life Drain
1 Mountain King
1 Storm Bolt
» actions
| Assign group hotkey | 36 | |
| Basic commands | 2 | |
| Build / train | 119 | |
| Enter build submenu | 43 | |
| Enter hero's abilities submenu | 12 | |
| Give item / drop item | 6 | |
| Remove unit from queue | 3 | |
| Right click | 691 | |
| Select / deselect | 356 | |
| Select group hotkey | 816 | |
| Use ability | 100 | |
2184 total
» units
| Acolyte | 10 | |
| Ghoul | 7 | |
| Goblin Shredder | 1 | |
| Obsidian Statue | 6 | |
| Frost Wyrm | 12 | |
| Peasant | 8 | |
| Flying Machine | 34 | |
78 total
» upgrades
| Creature Attack | 3 | |
| Creature Carapace | 3 | |
| Freezing Breath | 1 | |
| Gunpowder | 3 | |
| Flak Cannons | 1 | |
| Flying Machine Bombs | 1 | |
12 total
» buildings
| Ziggurat | 10 | |
| Altar of Darkness | 1 | |
| Crypt | 1 | |
| Tomb of Relics | 1 | |
| Halls of the Dead | 1 | |
| Necropolis | 2 | |
| Graveyard | 1 | |
| Black Citadel | 1 | |
| Sacrificial Pit | 1 | |
| Slaughterhouse | 2 | |
| Nerubian Tower | 3 | |
| Boneyard | 4 | |
| Farm | 11 | |
| Altar of Kings | 1 | |
| Keep | 1 | |
| Blacksmith | 1 | |
| Lumber Mill | 1 | |
| Castle | 1 | |
| Workshop | 5 | |
49 total
» build order
00:11 Ziggurat
00:15 Altar of Darkness
00:45 Crypt
01:12 Ziggurat
01:21 Tomb of Relics
03:53 Halls of the Dead
04:06 Necropolis
04:33 Ziggurat
04:38 Ziggurat
05:36 Graveyard
06:45 Black Citadel
07:18 Sacrificial Pit
07:53 Slaughterhouse
08:22 Slaughterhouse
08:26 Ziggurat
08:58 Nerubian Tower
08:59 Nerubian Tower
09:13 Boneyard
09:22 Boneyard
09:29 Boneyard
10:07 Boneyard
11:02 Ziggurat
11:04 Ziggurat
11:06 Ziggurat
13:14 Ziggurat
14:46 Nerubian Tower
18:21 Farm
18:31 Altar of Kings
18:34 Farm
19:23 Farm
19:26 Farm
20:05 Ziggurat
20:11 Keep
21:35 Blacksmith
21:39 Lumber Mill
21:43 Farm
23:19 Castle
23:22 Workshop
23:27 Workshop
23:32 Workshop
23:36 Workshop
23:40 Farm
23:41 Farm
24:57 Farm
24:58 Farm
24:59 Farm
25:03 Workshop
25:08 Farm
27:04 Necropolis
» items
| Rod of Necromancy | 1 | |
| Scroll of Regeneration | 1 | |
| Lesser Clarity Potion | 1 | |
| Scroll of Town Portal | 3 | |
| Orb of Corruption | 1 | |
7 total
WeAllWearMasks (
red | 56 APM | 1864 actions | 33:29)
6 Archmage
3 Summon Water Elemental
2 Brilliance Aura
1 Mass Teleport
» actions
| Assign group hotkey | 112 | |
| Basic commands | 20 | |
| Build / train | 92 | |
| Enter build submenu | 57 | |
| Enter hero's abilities submenu | 6 | |
| Give item / drop item | 7 | |
| Right click | 773 | |
| Select / deselect | 427 | |
| Select group hotkey | 196 | |
| Use ability | 174 | |
1864 total
» units
| Peasant | 12 | |
| Footman | 5 | |
| Goblin Shredder | 1 | |
| Gryphon Rider | 8 | |
| Goblin Sapper | 15 | |
41 total
» upgrades
| Masonry | 3 | |
| Animal War Training | 1 | |
| Swords | 3 | |
| Armor | 3 | |
| Storm Hammers | 1 | |
| Cloud | 1 | |
| Lumber Harvesting | 1 | |
13 total
» buildings
| Altar of Kings | 1 | |
| Barracks | 1 | |
| Farm | 11 | |
| Keep | 1 | |
| Town Hall | 2 | |
| Arcane Vault | 2 | |
| Lumber Mill | 1 | |
| Castle | 1 | |
| Gryphon Aviary | 5 | |
| Blacksmith | 2 | |
| Scout Tower | 58 | |
| Guard Tower | 15 | |
100 total
» build order
00:41 Altar of Kings
00:44 Barracks
00:52 Farm
00:54 Farm
01:05 Farm
01:35 Farm
03:33 Keep
03:55 Town Hall
04:05 Arcane Vault
04:39 Lumber Mill
06:42 Castle
07:41 Gryphon Aviary
07:42 Gryphon Aviary
07:43 Gryphon Aviary
07:44 Gryphon Aviary
07:55 Gryphon Aviary
08:01 Blacksmith
08:03 Blacksmith
08:24 Farm
08:25 Farm
08:32 Arcane Vault
08:54 Scout Tower
08:55 Scout Tower
08:56 Scout Tower
08:56 Scout Tower
11:07 Scout Tower
11:08 Scout Tower
11:09 Scout Tower
11:09 Scout Tower
11:11 Scout Tower
11:16 Scout Tower
11:16 Scout Tower
11:17 Scout Tower
11:19 Scout Tower
11:20 Scout Tower
12:05 Guard Tower
12:09 Guard Tower
12:59 Guard Tower
17:17 Scout Tower
17:18 Scout Tower
17:19 Scout Tower
17:20 Scout Tower
17:21 Scout Tower
17:21 Scout Tower
17:25 Scout Tower
17:27 Scout Tower
17:28 Scout Tower
17:29 Scout Tower
17:30 Scout Tower
17:31 Scout Tower
17:32 Scout Tower
17:33 Scout Tower
17:36 Scout Tower
17:37 Scout Tower
17:38 Scout Tower
17:41 Scout Tower
18:28 Guard Tower
18:50 Guard Tower
18:53 Guard Tower
18:56 Guard Tower
19:20 Guard Tower
19:33 Scout Tower
19:37 Scout Tower
19:38 Scout Tower
19:39 Scout Tower
19:40 Scout Tower
19:44 Scout Tower
19:45 Scout Tower
19:46 Scout Tower
19:47 Scout Tower
19:48 Scout Tower
19:49 Scout Tower
19:50 Scout Tower
19:50 Scout Tower
20:07 Town Hall
20:13 Scout Tower
20:13 Scout Tower
20:14 Scout Tower
20:15 Scout Tower
20:17 Scout Tower
20:17 Scout Tower
20:18 Scout Tower
20:19 Scout Tower
20:20 Scout Tower
20:21 Scout Tower
20:22 Scout Tower
20:22 Scout Tower
20:27 Scout Tower
20:37 Guard Tower
20:51 Guard Tower
21:00 Guard Tower
21:30 Guard Tower
21:38 Guard Tower
21:49 Guard Tower
22:49 Guard Tower
25:09 Farm
25:10 Farm
25:14 Farm
25:15 Farm
25:21 Farm
» items
| Scroll of Regeneration | 3 | |
| Mechanical Critter | 4 | |
| Scroll of Town Portal | 2 | |
| Periapt of Vitality | 2 | |
| Potion of Lesser Invulnerability | 1 | |
| Staff of Teleportation | 1 | |
| Orb of Corruption | 1 | |
14 total
BobbyHiII (
yellow | 1 APM | 17 actions | 16:41)
» actions
| Basic commands | 1 | |
| Build / train | 6 | |
| Right click | 3 | |
| Select / deselect | 2 | |
| Use ability | 5 | |
17 total
» units
Chat log
(00:12 / All) BobbyHiII: lonely man here
(00:20 / All) BobbyHiII: from lonely man island
(00:30 / Allies) BlueManGroup: stat frost
(01:04 / Allies) BlueManGroup: always one of them
(01:06 / All) WeAllWearMasks: BOBBY
(01:12 / Allies) whocaresanyway: of course
(01:18 / All) WeAllWearMasks: this is why you ain't allowed the vidya
(01:52 / All) WeAllWearMasks: WE got fat boy BobbY Hill
(03:19 / All) WeAllWearMasks: I just got a case of the sneezies
(11:24 / Allies) BlueManGroup: careful
(11:27 / Allies) BlueManGroup: 2 there
(11:50 / Allies) WeAllWearMasks: I thought orange was ally earlier lol
(11:51 / Allies) WeAllWearMasks: whoops
(12:01 / Allies) WeAllWearMasks: and thought he revealed greens troops and was fighting
(13:42 / Allies) BlueManGroup: we need to be ready at blue main
(14:03 / All) sigh: does that give extra gold to unsummon an upgrading hall?
(14:24 / All) WeAllWearMasks: maybe it cancels upgrade
(14:39 / Allies) BlueManGroup: lets hit and run red
(14:48 / Allies) BlueManGroup: tping
(15:39 / Allies) BlueManGroup: coutner
(15:40 / Allies) BlueManGroup: hit red
(15:41 / Allies) BlueManGroup: hit one
(15:53 / All) sigh: I tell orange over and over to expo
(15:56 / All) sigh: he's saying over and over
(15:59 / All) sigh: "why didnt we rush"
(16:02 / All) sigh: "should have rushed"
(16:03 / All) sigh: CHRIST
(16:06 / Allies) BlueManGroup: lets go
(16:07 / Allies) BlueManGroup: come on
(16:12 / Allies) BlueManGroup: what you doign
(16:18 / Allies) BlueManGroup: gold
(16:19 / Allies) BlueManGroup: man
(16:19 / Allies) BlueManGroup: use it
(16:21 / Allies) BlueManGroup: wtf red
(16:32 / Allies) WeAllWearMasks: yes my griffs vs 20 rifs
(16:37 / Allies) WeAllWearMasks: wtf am I thinking backing outta dat?
(16:40 / Allies) BlueManGroup: make more uints
(16:42 / Allies) whocaresanyway: lmao
(16:46 / Allies) BlueManGroup: you have 3000 gold and only 50 food
(16:47 / Allies) whocaresanyway: we had 3v4 all game
(17:07 / Allies) BlueManGroup: go
(18:12 / Allies) BlueManGroup: main
(18:12 / Allies) BlueManGroup: blue
(18:15 / Allies) BlueManGroup: then next town
(19:06 / All) sigh: fags buying my tps from the shop
(19:15 / Allies) BlueManGroup: gold pelaes
(19:52 / All) BlueManGroup: red has 4000 gold and doing nothing
(20:00 / All) sigh: I have 7k and am doing nothing
(20:34 / Allies) WeAllWearMasks: lumber/
(20:38 / Allies) BlueManGroup: gold?
(20:40 / Allies) WeAllWearMasks: lumber/
(20:46 / Allies) WeAllWearMasks: thanks
(20:47 / Allies) BlueManGroup: giuve gold and i will give you lumber
(20:54 / Allies) WeAllWearMasks: don't need anymore
(21:21 / All) sigh: wyrmbot
(21:28 / All) sigh: lol
(21:58 / Allies) BlueManGroup: blue
(22:03 / Allies) BlueManGroup: looks like you andm e have to win this one
(22:14 / Allies) whocaresanyway: yeah
(22:19 / Allies) BlueManGroup: come
(22:21 / Allies) WeAllWearMasks: what am I? chopped liver?
(22:27 / Allies) whocaresanyway: sbjt
(22:33 / Allies) whocaresanyway: no tp
(22:37 / Allies) BlueManGroup: wtf
(22:37 / Allies) BlueManGroup: man
(22:39 / Allies) BlueManGroup: losing everyting
(22:46 / All) BlueManGroup: great team here
(22:52 / Allies) BlueManGroup: lost all and no gold
(22:54 / Allies) BlueManGroup: really cool
(22:59 / All) sigh: you are free xp to me
(23:01 / All) WeAllWearMasks: losing you helps our synergy, you're a cry baby
(23:01 / All) sigh: you are garbage
(23:05 / All) WeAllWearMasks: a baby back bitch if'n you will
(23:09 / Allies) BlueManGroup: about tim
(23:11 / All) WeAllWearMasks: beat your feet, get out of here
(24:24 / Allies) BlueManGroup: no gold for tp
(24:45 / All) sigh: why the fuck didn't those mass tp
(24:49 / All) sigh: oh well I have 20k to rebuild
(24:54 / All) WeAllWearMasks: there should be range indicator for mass tp
(27:14 / All) sigh: what the fuck is that
(27:16 / All) sigh: 6 gyros?
(27:19 / All) sigh: against 12 hawks?
(27:20 / All) BlueManGroup: red messing with them
(27:40 / All) WeAllWearMasks: AIR COMMANDER BOBBY HILL
(27:43 / All) sigh: there goes your last acolytes
(28:16 / Allies) BlueManGroup: what is red doing?
(28:26 / Allies) BlueManGroup: oh...he is on both sides
(28:29 / Allies) BlueManGroup: thats what it is
(28:36 / Allies) BlueManGroup: goign to be you and me blue
(31:19 / Allies) BlueManGroup: k
(31:37 / Allies) BlueManGroup: behind
(31:37 / Allies) BlueManGroup: go
(32:07 / All) sigh: you clowns suck
(32:34 / All) BlueManGroup: really....kind of toughw ith your teamates sabataging everythign
(32:45 / All) BlueManGroup: see red kill his own guy
(32:55 / Allies) whocaresanyway: of course
(32:57 / Allies) whocaresanyway: why bother
(32:59 / All) sigh: excuses
(33:01 / All) WeAllWearMasks: lol
(33:01 / All) sigh: 1v4ed
(33:02 / All) sigh: eat shit
(33:06 / All) WeAllWearMasks: me team lose?
(33:17 / All) sigh: hmm
(33:19 / All) sigh: I hated orange
(33:23 / All) sigh: but I think your team is gayer
(33:24 / All) WeAllWearMasks: your call
(33:24 / All) sigh: two wyrmbots
(33:27 / All) WeAllWearMasks: Aight